 Dungeon Crawl Stone Soup version 0.30.1-4-g462c640d31 (webtiles) character file.

Game seed: 9832632892988015658

455 spardeous the Conjurer (level 6, -2/45 HPs)
             Began as a Demigod Conjurer on Sept 4, 2023.
             Killed from afar by Dowan (10 damage)
             ... with a stone arrow
             ... on level 4 of the Dungeon.
             The game lasted 00:05:58 (4620 turns).

spardeous the Conjurer (Demigod Conjurer)           Turns: 4620, Time: 00:05:59

Health: -2/45      AC:  6    Str: 20    XL:     6   Next: 47%
Magic:  13/16      EV: 11    Int: 24    God:
Gold:   204        SH:  0    Dex: 12    Spells: 7/14 levels left

rFire   . . .        n - +1 rapier of Meceidot {speed, Str+8}
rCold   . . .        x - orb {*channel}
rNeg    . . .        j - +0 ring mail
rPois   .            (no helmet)
rElec   .            (no cloak)
rCorr   .            u - +0 pair of gloves
SInv    +            (no boots)
Will    .....        (no amulet)
Stlth   +            e - ring of see invisible
HPRegen 0.27/turn    (no ring)
MPRegen 0.15/turn

%: channel magic (20%)
@: no status effects
A: high MP 1, forlorn, divine attributes
a: no special abilities


You were on level 4 of the Dungeon.
You visited 1 branch of the dungeon, and saw 4 of its levels.

You collected 204 gold pieces.

Inventory:

Hand Weapons
 k - a +2 short sword of venom
 n - the +1 rapier of Meceidot (weapon) {speed, Str+8}
   (You found it on level 2 of the Dungeon)

   Str:       It affects your strength (+8).
 z - the +8 falchion of the Extremes {flame, rPois Will++ Int-4 Dex+3}
   (You found it on level 4 of the Dungeon)

   Int:       It affects your intelligence (-4).
   Dex:       It affects your dexterity (+3).
   rPois:     It protects you from poison.
   Will:      It greatly increases your willpower.
Missiles
 i - 3 throwing nets
Armour
 a - a +0 robe
 j - a +0 ring mail (worn)
 u - a +0 pair of gloves (worn)
 x - an orb of energy (worn)
 A - the +1 robe "Byziox" {Harm Rampage Drain rPois}
   (You found it on level 4 of the Dungeon)

   rPois:     It protects you from poison.
   Drain:     It drains your maximum health when unequipped.
   Harm:      It increases damage dealt and taken.
   Rampage:   It bestows one free step when moving towards enemies.
Magical Staves
 d - a staff of earth
 y - a staff of air
Jewellery
 e - a ring of see invisible (left hand)
Wands
 p - a wand of quicksilver (8)
 B - a wand of flame (23)
Scrolls
 c - 3 scrolls of identify {unknown}
 f - 2 scrolls of vulnerability {unknown}
 h - a scroll of poison {unknown}
 q - a scroll of silence {unknown}
 r - 2 scrolls of teleportation {unknown}
 w - a scroll of enchant armour {unknown}
Potions
 g - a potion of flight {unknown}
 l - a potion of invisibility {unknown}
 m - a potion of berserk rage {unknown}
 o - a potion of ambrosia {unknown}
 s - a potion of degeneration {unknown}
 v - a potion of resistance {unknown}


   Skills:
 - Level 1.7 Dodging
 - Level 1.7 Stealth
 + Level 4.5 Spellcasting
 + Level 5.8 Conjurations


You had 7 spell levels left.
You knew the following spells:

 Your Spells              Type           Power      Damage    Failure   Level
a - Magic Dart            Conj           100%       1d8       6%          1
b - Searing Ray           Conj           66%        2d6       9%          2
c - Iskenderun's Mystic   Conj/Tloc      19%        2d6       65%         4

Your spell library contained the following spells:

 Spells                   Type           Power      Damage    Failure   Level
 Momentum Strike          Conj/Tloc      38%        3d9       21%         2
 Dazzling Flash           Conj/Hex       38%        N/A       32%         3
 Blink                    Tloc           10%        N/A       45%         2
 Ensorcelled Hibernation  Hex/Ice        10%        N/A       45%         2
 Lesser Beckoning         Tloc           10%        N/A       45%         2
 Passwall                 Tmut/Erth      4%         N/A       45%         2
 Swiftness                Air            5%         N/A       65%         3
 Fulminant Prism          Conj/Hex       9%         3d7       65%         4


Dungeon Overview and Level Annotations

Branches:
Dungeon (4/15)             Temple (0/1) D:4

Annotations:
D:4 Dowan


Innate Abilities, Weirdness & Mutations

You have an increased reservoir of magic. (+10% MP)
You shall have no god before yourself.
Your divine heritage dramatically boosts your attributes as you level up.


Message History

Dowan shouts!
Dowan seems to find hidden reserves of power!
Casting: Searing Ray (safe; 9% risk of failure)
Confirm with . or Enter, or press ? or * to list all spells.
Aiming: Searing Ray (safe; 9% risk of failure)
Press: ? - help, Shift-Dir - straight line, f - Dowan
Aim: Dowan, wielding a +0 dagger and wearing a +0 robe (fast, 73% to hit)
The searing ray hits Dowan!
Dowan is moderately wounded. (Press . to maintain the ray.) Dowan casts a spell at you.
The stone arrow hits you!
* * * LOW HITPOINT WARNING * * *
You take 15 damage, and have 2/45 hp.
MASSIVE DAMAGE!!
You now have 2/16 mp.
The searing ray hits Dowan.
Dowan is moderately wounded.
Dowan hits you with a +0 dagger.
* * * LOW HITPOINT WARNING * * *
You now have 1/16 mp.
You feel better. Dowan barely misses you.
You regained 7 hp, and now have 9/45 hp.
Magic courses through your body. Dowan hits you but does no damage.
Dowan barely misses you.
MP restored: 16
Casting: Searing Ray (safe; 9% risk of failure)
Confirm with . or Enter, or press ? or * to list all spells.
Aiming: Searing Ray (safe; 9% risk of failure)
Press: ? - help, Shift-Dir - straight line, f/p - Dowan
Aim: Dowan, wielding a +0 dagger and wearing a +0 robe (moderately wounded, fast, 73% to hit)
The searing ray hits Dowan.
Dowan is heavily wounded. (Press . to maintain the ray.) Dowan hits you with a +0 dagger.
* * * LOW HITPOINT WARNING * * *
You take 1 damage, and have 8/45 hp.
You now have 14/16 mp.
The searing ray hits Dowan!
Dowan is almost dead.
Dowan casts a spell at you. The stone arrow hits you!
You die...

.#.# ... #.#
...##.###.##...
.#..e....... #.###
.##.###.###. #...#
........... #.#
#.###.###.# #.#
#.# ## #)# ..# #e#
### #@# #### #.#
.>.# #.#
...#############.#
....<............#
...#.#############
...#.# .....#
...###


You could see Dowan (fast).

Vanquished Creatures
  Eustachio (D:4)
  Duvessa (D:4)
  A howler monkey (D:4)
  A hound (D:4)
  Terence (D:2)
  An adder (D:3)
  A white imp (D:3)
  4 worms
  2 orcs
  6 endoplasms
  3 giant cockroaches
  6 goblins
  8 hobgoblins
  4 jackals
  4 quokkas
  14 ball pythons
  7 bats
  6 frilled lizards
  9 kobolds
  11 rats
91 creatures vanquished.

Notes
Turn   | Place    | Note
-------+----------+-------------------------------------------
     0 | D:1      | spardeous the Demigod Conjurer began the quest for the Orb.
     0 | D:1      | Reached XP level 1. HP: 14/14 MP: 5/5
   544 | D:1      | Reached XP level 2. HP: 20/20 MP: 3/7
   831 | D:1      | Reached skill level 4 in Conjurations
  1242 | D:2      | Learned a level 2 spell: Searing Ray
  1450 | D:2      | Identified the +1 rapier of Meceidot {speed, Str+8}
  1469 | D:2      | Reached XP level 3. HP: 26/26 MP: 6/9
  1764 | D:2      | Noticed Terence
  1938 | D:2      | Killed Terence
  2397 | D:2      | Reached XP level 4. HP: 33/33 MP: 3/11
  2874 | D:3      | Learned a level 4 spell: Iskenderun's Mystic Blast
  4004 | D:4      | Noticed Dowan
  4205 | D:4      | Identified the +8 falchion of the Extremes {flame, rPois
                  | Will++ Int-4 Dex+3}
  4265 | D:4      | Noticed Eustachio
  4311 | D:4      | Killed Eustachio
  4312 | D:4      | Reached skill level 5 in Conjurations
  4312 | D:4      | Reached XP level 5. HP: 35/38 MP: 4/14
  4413 | D:4      | Found a staircase to the Ecumenical Temple.
  4423 | D:4      | Identified the +1 robe "Byziox" {Harm Rampage Drain rPois}
  4558 | D:4      | Reached XP level 6. HP: 42/45 MP: 10/15
  4592 | D:4      | Noticed Duvessa
  4610 | D:4      | Killed Duvessa
  4615 | D:4      | HP: 2/45 [Dowan/stone arrow (15)]
  4620 | D:4      | Killed from afar by Dowan

Illustrated notes

Levels and vault maps discovered:
D:1:      dpeg_arrival_stone_temple_mockup, layout_basic
D:2:      minmay_thinvault, layout_rooms, ebering_ecumenical_altar_mist,
          serial_bayou_crossing, uniq_terence
D:3:      minmay_door_path, layout_basic, mainiacjoe_overflow_chevrons,
          nicolae_ashenzari_skybound, nzn_wu_jian_contemplation
D:4:      minmay_chambers_of_threes, layout_rooms, minmay_temple_entry_slanted,
          grunt_ministairs_5, nicolae_concentric_dashed_squares_mild,
          uniq_eustachio, uniq_duvessa

Skill      XL: |  1  2  3  4  5 |
---------------+----------------+-----
Spellcasting   | 2 3 4 |  4.5
Conjurations   | 4 5 |  5.8
Dodging        | |  1.7
Stealth        | |  1.7

Action                     |  1- 3 |  4- 6 || total
---------------------------+-------+-------++-------
  Melee: Staff             |     8 |       ||     8
         Rapier            |       |    39 ||    39
   Cast: Magic Dart        |   106 |    65 ||   171
         Searing Ray       |     5 |    14 ||    19
    Use: Potion            |       |     2 ||     2
 Armour: Robe              |     2 |       ||     2
         Ring mail         |    11 |    35 ||    46
  Dodge: Dodged            |    21 |    52 ||    73
